 Dungeon Crawl Stone Soup version 0.27.0-1-g7a089689b8 (webtiles) character file.

Game seed: 5830937025522551349

42 Smaepdii the Grave Robber (level 3, -1/28 HPs)
             Began as a Deep Dwarf Necromancer on Aug 7, 2021.
             Slain by a gnoll (3 damage)
             ... on level 2 of the Dungeon.
             The game lasted 00:07:37 (866 turns).

Smaepdii the Grave Robber (Deep Dwarf Necromancer)   Turns: 866, Time: 00:07:38

Health: -1/28      AC:  2    Str: 12    XL:     3   Next: 33%
Magic:  5/5        EV: 12    Int: 15    God:
Gold:   72         SH:  0    Dex: 13    Spells: 1/5 levels left

rFire    . . .     SeeInvis .   j - +0 hand axe
rCold    . . .     Faith    .   (no shield)
rNeg     . . .     Spirit   .   a - +0 robe
rPois    .         Reflect  .   (no helmet)
rElec    .         Harm     .   (no cloak)
rCorr    .         Rampage  .   (no gloves)
Will     .....                  (no boots)
Stlth    ++........             (no amulet)
HPRegen  0.00/turn              (no ring)
MPRegen  0.09/turn              (no ring)

@: no status effects
A: damage resistance, heal wounds, sense surroundings 1, no regeneration
a: Heal Wounds


You were on level 2 of the Dungeon.
You visited 1 branch of the dungeon, and saw 2 of its levels.

You collected 72 gold pieces.

Inventory:

Hand Weapons
 j - a +0 hand axe (weapon)
Armour
 a - a +0 robe (worn)
 b - a +0 leather armour
Scrolls
 e - a scroll of vulnerability {unknown}
 g - 3 scrolls of brand weapon {unknown}
 h - a scroll of blinking {unknown}
 i - a scroll of noise {unknown}
 k - a scroll of identify {unknown}
Potions
 c - a potion of brilliance {unknown}
 d - a potion of curing {unknown}
 f - a potion of heal wounds {unknown}


   Skills:
 - Level 2.1 Dodging
 - Level 2.4 Stealth
 - Level 1.7 Spellcasting
 + Level 5.7 Necromancy


You had one spell level left.
You knew the following spells:

 Your Spells              Type           Power      Damage    Failure   Level
a - Pain                  Necr           72%        1d7       2%          1
b - Vampiric Draining     Necr           9%         2d7       6%          3

Your spell library contained the following spells:

 Spells                   Type           Power      Damage    Failure   Level
 Animate Skeleton         Necr           36%        N/A       2%          1
 Animate Dead             Necr           9%         N/A       22%         4
 Agony                    Necr           18%        N/A       52%         5


Dungeon Overview and Level Annotations

Branches:
Dungeon (2/15)

Altars:
Sif Muna

Shops:
D:1 !


Innate Abilities, Weirdness & Mutations

You are resistant to damage.
You can heal yourself by infusing magical energy.
You passively map a small area around you.
You do not regenerate.


Message History

j - a +0 hand axe (weapon)
Drop what? 10/52 slots (_ for help) (? for menu, Esc to quit)
You start removing your armour.
You continue taking off your +0 robe. x4
You finish taking off your +0 robe.
You drop a +0 robe.
a - a +0 robe You start putting on your armour.
You continue putting on your +0 robe. x4
You finish putting on your +0 robe.
Drop what? 10/52 slots (_ for help) (? for menu, Esc to quit)
You drop a +0 dagger.
Found a leather armour.
A goblin comes into view. It is wielding a +0 club.
The goblin shouts!
Found a scroll labelled JYRAHU ELEEFFIACOS.
You see here a +0 leather armour.
b - a +0 leather armour You hit the goblin.
You kill the goblin!
You see here a +0 club.
A hobgoblin comes into view.
The hobgoblin shouts!
You hear a shout!
Found 13 gold pieces and a robe.
Found a shimmering blue altar of Sif Muna.
You see here a scroll labelled JYRAHU ELEEFFIACOS.
k - a scroll labelled JYRAHU ELEEFFIACOS The hobgoblin closely misses you.
A gnoll comes into view. It is wielding a +0 spear.
The hobgoblin misses you.
You closely miss the hobgoblin. The hobgoblin barely misses you.
The hobgoblin closely misses you.
You see here a +0 club.
You hit the hobgoblin.
You kill the hobgoblin!
You closely miss the gnoll. The gnoll barely misses you.
You hit the gnoll but do no damage. The gnoll hits you with a +0 flail!
You hit the gnoll.
The gnoll is lightly wounded.
The gnoll hits you with a +0 flail! x2
* * * LOW HITPOINT WARNING * * *
The gnoll hits you with a +0 flail.
You die...

,
....##............
* ,
................. ,
*#............. , ,
..#####...g.....$..
,
.......g###........
...####.# #........
g * #, ###.#
#..[..g.. .
#.##.g.# #........
. #...@###
##....... #
##.....## *#......
#
#..###..##########
# #.# ##....)#####
# #..
######.....#####
...
,.................
#... *
#############....
### #####


You could see a gnoll.

Vanquished Creatures
  A dart slug (D:1)
  3 ball pythons (D:1)
  An endoplasm (D:1)
  2 giant cockroaches (D:1)
  4 goblins
  7 hobgoblins
  3 jackals (D:1)
  3 kobolds (D:1)
  4 quokkas (D:1)
  3 bats (D:1)
  3 frilled lizards (D:1)
34 creatures vanquished.

Notes
Turn   | Place    | Note
-------+----------+-------------------------------------------
     0 | D:1      | Smaepdii the Deep Dwarf Necromancer began the quest for the
                  | Orb.
     0 | D:1      | Reached XP level 1. HP: 15/15 MP: 3/3
    80 | D:1      | Reached XP level 2. HP: 13/22 MP: 4/4
   111 | D:1      | Reached skill level 5 in Necromancy
   197 | D:1      | Found Modgh's Distillery.
   368 | D:1      | Reached XP level 3. HP: 14/28 MP: 5/5
   384 | D:1      | Learned a level 3 spell: Vampiric Draining
   847 | D:2      | Found a shimmering blue altar of Sif Muna.
   866 | D:2      | Slain by a gnoll

Illustrated notes

Levels and vault maps discovered:
D:1:      nicolae_arrival_memento_mori, layout_rooms, serial_shops, shop,
          fountainhead, minmay_misc_feat_five
D:2:      layout_rooms, basic_altar, shapermc_ecumenical_altar_flowoftime,
          uniq_jessica

Skill      XL: |  1  2 |
---------------+-------+-----
Necromancy     | 5 |  5.7
Dodging        | |  2.1
Stealth        | |  2.4
Spellcasting   | |  1.7

Action                   || total
-------------------------++-------
Melee: Unarmed           ||    29
       Dagger            ||   140
       Hand axe          ||     6
 Cast: Vampiric Draining ||     5
 Abil: Heal Wounds       ||     4
 Stab: Sleeping          ||     5
Armor: Robe              ||    30
Dodge: Dodged            ||    93
